 Dungeon Crawl Stone Soup version 0.30-a0-141-g30f27751c5 (webtiles) character file.

Game seed: 978712213206408848

210 qw the Chopper (level 5, -7/33 HPs)
             Began as a Gargoyle Fighter on Sept 25, 2022.
             Killed from afar by Robin (16 damage)
             ... with a bolt of dispelling energy
             ... on level 4 of the Dungeon.
             The game lasted 00:00:53 (2369 turns).

qw the Chopper (Gargoyle Fighter)                   Turns: 2369, Time: 00:00:53

Health: -7/33      AC: 13    Str: 20 (21) XL:     5   Next: 88%
Magic:  5/5        EV: 11    Int:  6 (9)  God:
Gold:   95         SH:  9    Dex:  6 (9)  Spells: 4/4 levels left

rFire   . . .      SeeInvis .    Y - +1 war axe (elec)
rCold   + . .      Faith    .    c - +0 buckler
rNeg    + . .      Spirit   .    m - +0 chain mail
rPois   inf        Reflect  +    (no helmet)
rElec   +          Harm     .    (no cloak)
rCorr   .          Rampage  .    (no gloves)
Will    .....                    (no boots)
Stlth   ..........               p - amulet of reflection
HPRegen 0.11/turn                g - ring of protection from cold
MPRegen 0.09/turn                k - +4 ring of evasion

@: no status effects
A: sickness immunity, AC +4, negative energy resistance 1, electricity
resistance, torment resistance 1, petrification resistance
a: no special abilities


You were on level 4 of the Dungeon.
You visited 1 branch of the dungeon, and saw 4 of its levels.

You collected 130 gold pieces.
You spent 35 gold pieces at shops.


Innate Abilities, Weirdness & Mutations

You are immune to sickness and miasma.
Your stone body is resilient. (AC +4)
You are immune to poison.
You resist negative energy. (rN+)
You are resistant to electric shocks. (rElec)
You are resistant to unholy torment.
You are immune to petrification.


   Skills:
 - Level 4.0 Fighting
 + Level 5.0 Axes
 - Level 0.1 Throwing
 - Level 3.2 Armour
 - Level 3.2 Shields


You had 4 spell levels left.
You didn't know any spells.
Your spell library was empty.

Inventory:

Hand Weapons
 o - a +0 flail
 Y - a +1 war axe of electrocution (weapon)
Armour
 a - a +0 pair of boots
 c - a +0 buckler (worn)
 m - a +0 chain mail (worn)
Jewellery
 g - a ring of protection from cold (left hand)
 k - a +4 ring of evasion (right hand)
 l - a ring of fire
 p - an amulet of reflection (around neck)
Scrolls
 i - a scroll of identify
Potions
 d - 2 potions of might
 e - a potion of ambrosia {unknown}
 f - a potion of berserk rage {unknown}
 r - a potion of lignification {unknown}
 s - a potion of mutation {unknown}
 t - a potion of flight {unknown}
 u - a potion of attraction {unknown}

Dungeon Overview and Level Annotations

Branches:
Dungeon (4/15)
 Temple: D:4-7

Altars:
Wu Jian

Shops:
D:2 (

Annotations:
D:4 Robin


Message History

You closely miss the goblin. You block the orc's attack.
Robin zaps a wand.
The bolt of dispelling energy hits the hobgoblin!
The hobgoblin dies!
The bolt of dispelling energy hits you but does no damage.
You block the goblin's attack. The goblin hits you but does no damage.
The goblin barely misses you.
Robin zaps a wand.
The bolt of dispelling energy misses you.
The orc closely misses you.
You slash the orc!
You kill the orc!
You hit the hobgoblin. You closely miss the goblin. x2
You block the goblin's attack. The goblin hits you with a +0 club.
The hobgoblin hits you.
You hit the hobgoblin but do no damage.
The hobgoblin is moderately wounded.
You hit the goblin. Lightning courses through the goblin!!
You kill the goblin!
You slash the orc! Lightning courses through the orc!
You kill the orc!
You hit the hobgoblin. You completely miss the goblin.
The goblin closely misses you.
A hobgoblin comes into view.
The hobgoblin hits you. You block the hobgoblin's attack.
Your Fighting skill increases to level 4!
The hobgoblin shouts!
You hit the hobgoblin.
You kill the hobgoblin!
You closely miss the hobgoblin. You closely miss the goblin.
You hear a shout!
You block the goblin's attack.
Robin zaps a wand.
The bolt of dispelling energy hits the hobgoblin!
The hobgoblin dies!
The bolt of dispelling energy hits you!
An adder comes into view.
The adder hisses angrily.
You hit the goblin. Lightning courses through the goblin!
You kill the goblin!
Robin zaps a wand.
The bolt of dispelling energy hits you!
You die...

...............#
...!...........#
...............#
...............##
...............<#
...............##
........./.....#
......).)......#
..g...)@)......#
......)))......#
S.......g......#
.................
................#
...............#
...............
...........>...


You could see Robin, an adder and a hobgoblin.

Vanquished Creatures
  Natasha (thrice) (D:3)
  A gnoll (D:1)
  5 adders
  3 dart slugs
  6 orcs
  2 ball pythons
  5 endoplasms
  A giant cockroach (D:1)
  12 goblins
  9 hobgoblins
  4 jackals (D:1)
  2 quokkas
  3 bats
  2 frilled lizards
  4 kobolds
  3 rats
65 creatures vanquished.

Vanquished Creatures (others)
  2 hobgoblins (D:4)
  7 plants (D:1)
9 creatures vanquished.

Grand Total: 74 creatures vanquished

Notes
Turn   | Place    | Note
-------+----------+-------------------------------------------
     0 | D:1      | qw the Gargoyle Fighter began the quest for the Orb.
     0 | D:1      | Reached XP level 1. HP: 14/14 MP: 1/1
     0 | D:1      | 0 ||| qw: Version: 0.2-a-10-g399e6c4
     0 | D:1      | 0 ||| qw: Game counter: 352
     0 | D:1      | 0 ||| qw: Always use a shield: true
     0 | D:1      | 0 ||| qw: God list: Okawaru
     0 | D:1      | 0 ||| qw: Allow faded altars: false
     0 | D:1      | 0 ||| qw: Do Orc after D:15 true
     0 | D:1      | 0 ||| qw: Do second Lair branch before Depths: true
     0 | D:1      | 0 ||| qw: Lair rune preference: random
     0 | D:1      | 0 ||| qw: Plans: Normal, Zot:1-4, God:TSO, Crypt, Tomb,
                  | Pan, Slime:5, Hells, Abyss, Orb
     0 | D:1      | 0 ||| PLANNING D:1-11
   113 | D:1      | Reached skill level 2 in Axes
   114 | D:1      | 114 ||| Stepping ~*~*~tactically~*~*~ (hiding).
   115 | D:1      | 115 ||| Stepping ~*~*~tactically~*~*~ (hiding).
   127 | D:1      | Reached XP level 2. HP: 15/19 MP: 2/2
   212 | D:1      | Found a faded altar of an unknown god.
   241 | D:1      | Reached skill level 3 in Axes
   284 | D:1      | Reached XP level 3. HP: 23/23 MP: 3/3
   683 | D:1      | 683 ||| UPGRADING to ring of protection from cold.
   684 | D:1      | 684 ||| READING scroll labelled XEAQAOQ VIEW.
   685 | D:1      | 685 ||| READING scroll labelled OCSER WUCKIFEI.
   686 | D:1      | 686 ||| READING 2 scrolls labelled FOLUOFR YHUPIH.
   687 | D:1      | 687 ||| READING scroll labelled XUWECV AMOWNYA.
   719 | D:2      | 719 ||| Stepping ~*~*~tactically~*~*~ (stealth).
   795 | D:2      | Reached XP level 4. HP: 26/28 MP: 4/4
  1004 | D:2      | Found Esufux's Weapon Emporium.
  1008 | D:2      | 1008 ||| Stepping ~*~*~tactically~*~*~ (stealth).
  1010 | D:2      | 1010 ||| Stepping ~*~*~tactically~*~*~ (stealth).
  1019 | D:2      | Reached skill level 4 in Axes
  1042 | D:2      | 1042 ||| BUYING +0 flail (35 gold).
  1042 | D:2      | Bought a +0 flail for 35 gold pieces
  1042 | D:2      | 1042 ||| SHOPLISTING +4 whip of Exquisite Death {freeze,
                  | rF++} (490 gold, have 37).
  1042 | D:2      | 1042 ||| DROPPING +0 club.
  1482 | D:2      | 1482 ||| UPGRADING to amulet of reflection.
  1492 | D:2      | 1492 ||| UPGRADING to +4 ring of evasion.
  1493 | D:2      | 1493 ||| DROPPING ring of magical power.
  1494 | D:2      | 1494 ||| READING scroll labelled KEPA EGROFAA.
  1595 | D:2      | 1595 ||| READING 3 scrolls labelled KAPAATHR HIPSO.
  1596 | D:2      | 1596 ||| READING scroll labelled CELYAGRA GICKY.
  1597 | D:2      | 1597 ||| READING scroll labelled VEASYA KEUSUPN.
  1598 | D:2      | 1598 ||| READING scroll labelled UBACLAF ETUEMA.
  1651 | D:2      | 1651 ||| DROPPING 2 scrolls of vulnerability.
  1747 | D:3      | Noticed Natasha
  1753 | D:3      | Killed Natasha
  1754 | D:3      | Reached XP level 5. HP: 32/32 MP: 5/5
  1760 | D:3      | Noticed Natasha
  1761 | D:3      | 1761 ||| Stepping ~*~*~tactically~*~*~ (hiding).
  1767 | D:3      | Killed Natasha
  1913 | D:3      | Reached skill level 5 in Axes
  1928 | D:3      | 1928 ||| Stepping ~*~*~tactically~*~*~ (stealth).
  1929 | D:3      | 1929 ||| Stepping ~*~*~tactically~*~*~ (stealth).
  1930 | D:3      | 1930 ||| Stepping ~*~*~tactically~*~*~ (stealth).
  1931 | D:3      | 1931 ||| Stepping ~*~*~tactically~*~*~ (stealth).
  1954 | D:3      | Found an ornate altar of the Wu Jian Council.
  2173 | D:3      | Noticed Natasha
  2174 | D:3      | 2174 ||| Stepping ~*~*~tactically~*~*~ (hiding).
  2190 | D:3      | Killed Natasha
  2274 | D:3      | 2274 ||| UPGRADING to +0 chain mail.
  2284 | D:3      | 2284 ||| DROPPING +0 scale mail.
  2285 | D:3      | 2285 ||| READING scroll labelled DOKIMO WUCZIRR.
  2286 | D:3      | 2286 ||| READING 4 scrolls labelled EJYENLACRE.
  2287 | D:3      | 2287 ||| READING scroll labelled TIETIK BAESTRO.
  2290 | D:3      | 2290 ||| DRINKING 2 bubbling inky potions.
  2291 | D:3      | 2291 ||| DROPPING 3 scrolls of amnesia.
  2292 | D:3      | 2292 ||| DROPPING potion of degeneration.
  2359 | D:4      | Noticed Robin
  2369 | D:4      | Killed from afar by Robin

Levels and vault maps discovered:
D:1:      minmay_arrival_four_circles, layout_basic,
          ebering_ecumenical_altar_webs, nicolae_grassy_gnolls
D:2:      layout_loops_cross, serial_shops, shop, kennysheep_path_1,
          kennysheep_generic_room_11
D:3:      layout_basic, nzn_wu_jian_contemplation, uniq_natasha
D:4:      layout_basic, old_standard_altar, uniq_robin

Skill      XL: |  1  2  3  4  5 |
---------------+----------------+-----
Axes           | 2 3 4 5 |  5.0
Fighting       | 4 |  4.0
Throwing       | |  0.1
Armour         | |  3.2
Shields        | |  3.2

Action                   |  1- 3 |  4- 6 || total
-------------------------+-------+-------++-------
Melee: War axe           |    50 |    79 ||   129
Throw: Boomerang         |       |    18 ||    18
  Use: Scroll            |     4 |     8 ||    12
       Potion            |       |     1 ||     1
Armor: Scale mail        |    19 |    25 ||    44
       Chain mail        |       |     7 ||     7
Dodge: Dodged            |    29 |    40 ||    69
Block: Buckler           |     9 |    24 ||    33

Table legend:
 A = Non-vault XP
 B = Vault XP
 C = Vault XP percentage of total XP
 D = Non-vault monster count
 E = Vault monster count
 F = Vault count percentage of total count
                 A         B        C        D         E       F
            +---------+---------+-------+---------+---------+-------
      Total |     229 |      74 |  24.4 |      52 |      14 |  21.2
            +---------+---------+-------+---------+---------+-------
        D:1 |      35 |      15 |  30.0 |      18 |       1 |   5.3
        D:2 |      77 |       2 |   2.5 |      20 |       1 |   4.8
        D:3 |     107 |      36 |  25.2 |      10 |       1 |   9.1
        D:4 |      10 |      21 |  67.7 |       4 |      11 |  73.3
            +---------+---------+-------+---------+---------+-------
